 Dungeon Crawl Stone Soup version 0.25.0-26-g0c896c7088 (webtiles) character file.

Game seed: 7789288607503478965

895 Ethylacetat the Tainter (level 8, -6/62 HPs)
             Began as a Naga Venom Mage on July 4, 2020.
             Mangled by a wight
             ... wielding a +4 battleaxe of freezing
              (7 damage)
             ... on level 6 of the Dungeon.
             The game lasted 00:34:52 (5105 turns).

Ethylacetat the Tainter (Naga Venom Mage)           Turns: 5105, Time: 00:34:55

Health: -6/62      AC:  8    Str: 12    XL:     8   Next: 6%
Magic:  14/14      EV:  9    Int: 17    God:
Gold:   334        SH:  0    Dex: 11    Spells: 14/15 levels left

rFire    + . .     SeeInvis +   l - +1 dagger (speed)
rCold    . . .     Gourm    .   (no shield)
rNeg     . . .     Faith    .   q - +3 leather armour
rPois    +         Spirit   .   (no helmet)
rElec    .         Reflect  .   (no cloak)
rCorr    .         Harm     .   d - +0 pair of gloves
MR       +....                  (no barding)
Stlth    +.........             (no amulet)
HPRegen  0.20/turn              b - ring of protection from fire
MPRegen  0.14/turn              (no ring)

@: confused, drained, very slow
A: large, see invisible, deformed body, poison resistance, slowness 2, slow
metabolism 1, spit poison 1, AC +2
a: Spit Poison


You were on level 6 of the Dungeon.
You were hungry.

You visited 1 branch of the dungeon, and saw 6 of its levels.

You collected 334 gold pieces.

Inventory:

Hand Weapons
 l - a +1 dagger of speed (weapon)
Armour
 d - a +0 pair of gloves (worn)
 q - a +3 leather armour (worn)
Jewellery
 b - a ring of protection from fire (left hand)
Wands
 p - a wand of paralysis (7)
 v - a wand of clouds (5)
Scrolls
 a - a scroll of noise {unknown}
 e - 6 scrolls of identify {unknown}
 f - 2 scrolls of enchant weapon {unknown}
 h - a scroll of fear {unknown}
 j - 6 scrolls of teleportation {unknown}
 m - 2 scrolls of remove curse {unknown}
 n - 2 scrolls of amnesia {unknown}
 s - a scroll of immolation {unknown}
Potions
 g - a potion of cancellation
 i - 3 potions of curing
 k - 4 potions of resistance
 r - a potion of magic {unknown}
 u - a potion of heal wounds {unknown}
Comestibles
 c - 14 rations
 t - 4 chunks of flesh


   Skills:
 - Level 1.5(0.5) Dodging
 - Level 3.0(1.9) Stealth
 + Level 4.1(3.0) Spellcasting
 * Level 5.5(4.4) Transmutations
 * Level 8.4(7.2) Poison Magic


You had 14 spell levels left.
You knew the following spells:

 Your Spells              Type           Power        Failure   Level  Hunger
a - Sting                 Tmut/Pois      ###.         1%          1    None

Your spell library contained the following spells:

 Spells                   Type           Power        Failure   Level  Hunger
 Poisonous Vapours        Pois/Air       ##....       8%          2    ##.....
 Olgreb's Toxic Radiance  Pois           ####....     12%         4    ####...
 Ignite Poison            Fire/Tmut/Pois ###.....     14%         3    ###....
 Apportation              Tloc           #.....       22%         1    None
 Freeze                   Ice            #...         22%         1    None
 Summon Butterflies       Summ           #.......     22%         1    None
 Mephitic Cloud           Conj/Pois/Air  ##......     26%         3    ###....
 Alistair's Intoxication  Tmut/Pois      ###.....     50%         5    ######.
 Frozen Ramparts          Ice            #.....       54%         3    ###....
 Lesser Beckoning         Tloc           #.........   54%         3    ###....
 Ozocubu's Armour         Chrm/Ice       #.......     54%         3    ###....
 Tukima's Dance           Hex            #.......     54%         3    ###....
 Hailstorm                Conj/Ice       #.......     91%         4    ####...
 Summon Ice Beast         Ice/Summ       #.......     91%         4    ####...
 Invisibility             Hex            #.......     100%        6    #######


Dungeon Overview and Level Annotations

Branches:
Dungeon (6/15)
 Temple: D:4-7

Altars:
Nemelex Xobeh
Qazlal


Innate Abilities, Weirdness & Mutations

You cannot wear boots.
Your serpentine skin is tough. (AC +2)
You have supernaturally acute eyesight. (SInv)
Armour fits poorly on your strangely shaped body.
Your system is resistant to poisons. (rPois)
You cover ground very slowly.
You have a slow metabolism.
You can spit poison.


Message History

Your resistance to elements expires.
The wight closely misses you.
It was a potion of ambrosia.
You are confused.
You feel invigorated.
The wight hits you with a +4 battleaxe of freezing.
The wight freezes you.
You hit the wight but do no damage.
The wight is moderately damaged.
You bump into the rock wall.
The wight hits you with a +4 battleaxe of freezing.
The wight freezes you.
You miss the wight.
The wight is moderately damaged.
The wight hits you with a +4 battleaxe of freezing!
* * * LOW HITPOINT WARNING * * *
You feel drained.
* * * LOW HITPOINT WARNING * * *
The wight freezes you!
You die...

#.P≈♣PP≈.P≈♣≈..#####..##
#PP≈≈PPP#.≈≈PP........##
#P≈≈PP.##≈P≈≈≈P.####..##
#.P≈P#.##.≈≈♣P..# #..###
#P♣≈≈.....PP≈P≈P# #.## #
####P≈≈....##PP≈PP≈# #.#
#
#...≈≈PP.####..P≈≈.###.#
#....PP.z####.#PP≈P##..#
#.......zz@..)...####.##
#........####)##...##.#
#........# #.####....#
#........# #.# ###### ##
#.....>..# #.# #.
#........#
#.############>
#........#
#.#........##..
##########
#.#...........# #...#
#.#........##..


You could see 3 wights.

Vanquished Creatures
  Sigmund (D:3)
  A phantom (D:5)
  A centaur (D:6)
  A bullfrog (D:6)
  A scorpion (D:4)
  A bullfrog zombie (D:6)
  A hound (D:4)
  A jelly (D:4)
  An orc priest (D:6)
  A bullfrog skeleton (D:4)
  2 orc wizards
  10 adders
  An ooze (D:1)
  6 worms
  8 dart slugs
  3 leopard geckos (D:3)
  18 orcs
  5 giant cockroaches
  9 goblins
  12 hobgoblins
  2 jackals (D:5)
  3 quokkas
  A ball python (D:2)
  12 bats
  4 frilled lizards
  6 kobolds
  15 rats
127 creatures vanquished.

Vanquished Creatures (others)
  2 plants (D:6)
2 creatures vanquished.

Grand Total: 129 creatures vanquished

Notes
Turn   | Place    | Note
-------+----------+-------------------------------------------
     0 | D:1      | Ethylacetat the Naga Venom Mage began the quest for the
                  | Orb.
     0 | D:1      | Reached XP level 1. HP: 15/15 MP: 3/3
     6 | D:1      | Noticed a killer bee
     6 | D:1      | Noticed a komodo dragon
     6 | D:1      | Noticed a polar bear
     7 | D:1      | Noticed an anaconda
     7 | D:1      | Noticed a wolf
    39 | D:1      | Reached XP level 2. HP: 12/22 MP: 3/5
   478 | D:1      | Reached XP level 3. HP: 28/28 MP: 4/6
   874 | D:2      | Reached skill level 5 in Poison Magic
   874 | D:2      | Reached XP level 4. HP: 27/36 MP: 3/7
  1040 | D:2      | Found a faded altar of an unknown god.
  1506 | D:3      | Reached XP level 5. HP: 34/42 MP: 5/9
  1973 | D:3      | Noticed Sigmund
  2004 | D:3      | HP: 2/42 [Sigmund/+0 scythe (8)]
  2007 | D:3      | Killed Sigmund
  2007 | D:3      | Reached skill level 6 in Poison Magic
  2007 | D:3      | Reached XP level 6. HP: 3/49 MP: 1/10
  2443 | D:4      | Reached skill level 7 in Poison Magic
  2539 | D:4      | Reached XP level 7. HP: 49/55 MP: 6/12
  2806 | D:4      | Found a stormy altar of Qazlal.
  2825 | D:4      | Found a sparkling altar of Nemelex Xobeh.
  3233 | D:5      | Entered Level 5 of the Dungeon
  4218 | D:5      | Reached skill level 5 in Transmutations
  4614 | D:6      | Reached skill level 8 in Poison Magic
  4722 | D:6      | Reached XP level 8. HP: 18/62 MP: 7/14
  5105 | D:6      | HP: 1/62 [wight/+4 battleaxe of freezing (8)]
  5105 | D:6      | Mangled by a wight

Illustrated notes

Levels and vault maps discovered:
D:1:      onia_arrival_zoo_common, layout_loops_ring
D:2:      layout_basic, chequers_ecumenical_altar_simple_redux
D:3:      layout_rooms, kennysheep_path_1, grunt_ministairs_10,
          chequers_decorated_corner, hangedman_feature_mirror,
          kennysheep_cross_bottleneck, dk_vineyard_3, uniq_sigmund
D:4:      layout_cave_pods, lemuel_doored_altar, first_ration,
          nicolae_qazlal_general_emergency
D:5:      layout_gridville, minmay_temple_entry_poolview
D:6:      layout_rooms, serial_bayou_lagoon_a

Skill      XL: |  1  2  3  4  5  6  7 |
---------------+----------------------+-----
Transmutations | 2 4 5 |  5.5
Poison Magic   | 5 6 7 8 |  8.4
Spellcasting   | 3 4 |  4.1
Dodging        | |  1.5
Stealth        | |  3.0

Action                   |  1- 3 |  4- 6 |  7- 9 || total
-------------------------+-------+-------+-------++-------
Melee: Unarmed           |     9 |       |       ||     9
       Club              |     9 |       |       ||     9
       Dagger            |    21 |    78 |   215 ||   314
 Cast: Sting             |    28 |    57 |    60 ||   145
 Abil: Spit Poison       |    25 |    41 |    28 ||    94
  Use: Potion            |       |       |     4 ||     4
  Eat: Chunk             |     1 |     7 |     8 ||    16
Armor: Robe              |    14 |     8 |       ||    22
       Leather armour    |       |    15 |    55 ||    70
Dodge: Dodged            |    21 |    51 |    70 ||   142
